 Dungeon Crawl Stone Soup version 0.28-a0-477-g0b43c73ce0 (webtiles) character file.

Game seed: 1273629005919350003

2261 Dabor the Vexing (level 8, -9/58 HPs)
             Began as a Demigod Conjurer on Sept 17, 2021.
             Mangled by a cyan ugly thing (14 damage)
             ... on level 6 of the Dungeon on Sept 18, 2021.
             The game lasted 00:19:21 (9671 turns).

Dabor the Vexing (Demigod Conjurer)                 Turns: 9671, Time: 00:19:22

Health: -9/58      AC:  7    Str:  8    XL:     8   Next: 93%
Magic:  17/17      EV: 13    Int: 34    God:
Gold:   246        SH:  5    Dex: 14    Spells: 8/15 levels left

rFire   . . .      SeeInvis .   e - +2 hunting sling (freeze)
rCold   . . .      Faith    .   d - +0 buckler
rNeg    . . .      Spirit   .   n - +1 robe "Baidgharch" {Dex+2 Stlth+}
rPois   .          Reflect  .   D - +2 helmet
rElec   .          Harm     .   x - +0 cloak
rCorr   .          Rampage  .   (no gloves)
Will    .....                   (no boots)
Stlth   ++++......              (no amulet)
HPRegen 0.19/turn               m - +6 ring of intelligence
MPRegen 0.15/turn               (no ring)

@: about to teleport
A: high mp 1, forlorn
a: no special abilities


You were on level 6 of the Dungeon.
You visited 1 branch of the dungeon, and saw 6 of its levels.

You collected 384 gold pieces.
You spent 138 gold pieces at shops.

Inventory:

Hand Weapons
 e - a +2 hunting sling of freezing (weapon)
 y - a +2 quarterstaff of chaos
Missiles
 f - 61 sling bullets (quivered ammo)
 g - a throwing net
Armour
 a - a +0 robe
 d - a +0 buckler (worn)
 n - the +1 robe "Baidgharch" (worn) {Dex+2 Stlth+}
   (You found it on level 6 of the Dungeon)

   Dex:       It affects your dexterity (+2).
   Stlth:     It makes you more stealthy.
 x - a +0 cloak (worn)
 D - a +2 helmet (worn)
Jewellery
 j - an amulet of guardian spirit
 m - a +6 ring of intelligence (left hand)
Wands
 B - a wand of acid (8)
Scrolls
 h - a scroll of vulnerability {unknown}
 k - a scroll of identify
 l - a scroll of noise
 s - a scroll of silence
 t - a scroll of immolation
 A - 2 scrolls of magic mapping
Potions
 b - 4 potions of haste
 i - 3 potions of curing
 o - a potion of mutation {unknown}
 q - a potion of might {unknown}
 v - 3 potions of flight
 w - a potion of lignification {unknown}
 z - 3 potions of attraction {unknown}
 C - a potion of invisibility {unknown}


   Skills:
 + Level 0.9 Fighting
 + Level 0.6 Armour
 * Level 4.5 Dodging
 + Level 4.8 Stealth
 + Level 3.6 Shields
 * Level 4.2 Spellcasting
 * Level 5.6 Conjurations
 * Level 5.6 Hexes


You had 8 spell levels left.
You knew the following spells:

 Your Spells              Type           Power      Damage    Failure   Level
a - Magic Dart            Conj           100%       1d8       1%          1
b - Searing Ray           Conj           90%        2d7       1%          2
c - Fulminant Prism       Conj/Hex       22%        3d13      4%          4

Your spell library contained the following spells:

 Spells                   Type           Power      Damage    Failure   Level
 Dazzling Flash           Conj/Hex       90%        N/A       1%          3
 Frozen Ramparts          Ice            14%        1d3       16%         3
 Iskenderun's Mystic Bla  Conj/Tloc      26%        2d7       16%         4
 Ice Form                 Ice/Tmut       7%         N/A       45%         4
 Summon Ice Beast         Ice/Summ       7%         N/A       45%         4


Dungeon Overview and Level Annotations

Branches:
Dungeon (6/15)             Temple (0/1) D:5

Shops:
D:6 [


Innate Abilities, Weirdness & Mutations

Your attributes grow dramatically as you level up.
You have an increased reservoir of magic. (+10% MP)
You shall have no god before yourself.


Message History

The sling bullet closely misses the bullfrog.
The bullfrog hits you but does no damage.
The bullfrog closely misses you.
The magic dart hits the bullfrog!
The bullfrog is severely wounded.
The bullfrog misses you.
The magic dart hits the bullfrog.
The bullfrog is almost dead.
The bullfrog barely misses you. You block the bullfrog's attack.
The magic dart hits the bullfrog.
The bullfrog is almost dead.
The bullfrog hits you but does no damage.
You shoot a sling bullet. The sling bullet hits the bullfrog.
The bullfrog seems to slow down.
The sling bullet freezes the bullfrog.
You kill the bullfrog!
You start resting.
HP restored.
You start resting.
Magic restored.
f - 59 sling bullets (gained 3)
f - 61 sling bullets (gained 2)
A cyan ugly thing is nearby!
You open the door.
Found a scale mail and 8 poisoned darts.
The cyan ugly thing gurgles horribly!
There is an open door here.
You open the door.
There is an open door here.
You see here a sling bullet.
The cyan ugly thing engulfs you! The cyan ugly thing shocks you!
As you read the scroll of teleportation, it crumbles to dust.
You feel strangely unstable. The cyan ugly thing engulfs you!
The cyan ugly thing shocks you!
* * * LOW HITPOINT WARNING * * *
Search for what [Enter for "."]? .
Unknown command.
You feel better. The cyan ugly thing engulfs you!
* * * LOW HITPOINT WARNING * * *
The cyan ugly thing shocks you!
You die...

#.###......###.).#
#...###.#...)###.#
##....###....#.#'#
#..#.)..###.#..#.###
#.##)##...###.#....# ***
#.#[.#..#..(###..#.#
*,***##################.#
,*,,,,,,,,*,#..##.#####.###
*,*********,#...@u........#
*,* #.......#######.# *,*
###...### #.# *,* ##.#* #.#
*,* #.* ####.#### *,* #.*
#..(.(..# *,* ##+#*
#.##.##.#### *,* ##...##
#.#......... *,****
##.....## #.#..##.###.


You could see a cyan ugly thing.

Vanquished Creatures
  A water moccasin (D:6)
  2 sky beasts (D:6)
  A necrophage (D:5)
  An ogre (D:3)
  A phantom (D:4)
  A kobold brigand (D:6)
  4 bullfrogs (D:6)
  A scorpion (D:6)
  2 howler monkeys
  A wight (D:6)
  A vampire bat (D:3)
  2 bullfrog zombies (D:5)
  2 centaur zombies (D:5)
  3 hounds
  Crazy Yiuf (D:4)
  2 bullfrog skeletons (D:5)
  A gnoll shaman (D:6)
  2 jellies (D:6)
  2 orc priests
  4 iguanas
  Terence (D:2)
  3 orc wizards (D:3)
  A hound skeleton (D:3)
  2 adders
  20 gnolls (D:3)
  3 howler monkey skeletons
  2 white imps (D:6)
  A worm (D:2)
  3 dart slugs
  3 fire bats (D:3)
  41 orcs
  2 spectral bats (D:3)
  3 bat skeletons (D:3)
  A bat zombie (D:3)
  8 endoplasms
  8 giant cockroaches
  4 goblins
  9 hobgoblins
  17 jackals
  6 quokkas
  8 ball pythons
  10 bats
  A bat simulacrum (D:3)
  2 frilled lizards
  6 kobolds
  3 rats
203 creatures vanquished.

Vanquished Creatures (others)
  3 fulminant prisms
  A fungus (D:4)
  A plant (D:3)
5 creatures vanquished.

Grand Total: 208 creatures vanquished

Notes
Turn   | Place    | Note
-------+----------+-------------------------------------------
     0 | D:1      | Dabor the Demigod Conjurer began the quest for the Orb.
     0 | D:1      | Reached XP level 1. HP: 14/14 MP: 5/5
   605 | D:1      | Reached XP level 2. HP: 20/20 MP: 5/7
   640 | D:1      | Learned a level 2 spell: Searing Ray
   935 | D:1      | Reached skill level 1 in Hexes
  1065 | D:1      | Reached XP level 3. HP: 26/26 MP: 8/8
  1618 | D:2      | Noticed Terence
  1686 | D:2      | Killed Terence
  1687 | D:2      | Reached XP level 4. HP: 12/33 MP: 1/9
  2355 | D:3      | Reached skill level 1 in Shields
  2739 | D:3      | Reached XP level 5. HP: 36/38 MP: 6/11
  3811 | D:3      | Noticed an ogre
  3838 | D:3      | Killed an ogre
  3839 | D:3      | Reached XP level 6. HP: 14/45 MP: 6/12
  5081 | D:3      | Reached XP level 7. HP: 50/50 MP: 10/14
  6265 | D:4      | Learned a level 4 spell: Fulminant Prism
  6676 | D:4      | Found a runed translucent door.
  6677 | D:4      | Noticed Crazy Yiuf
  7004 | D:4      | Killed Crazy Yiuf
  7109 | D:5      | Entered Level 5 of the Dungeon
  7521 | D:5      | Reached skill level 5 in Conjurations
  7568 | D:5      | Found a staircase to the Ecumenical Temple.
  7633 | D:5      | Reached XP level 8. HP: 51/57 MP: 8/16
  8458 | D:6      | Reached skill level 5 in Hexes
  8572 | D:6      | Found Zafuw's Armour Shop.
  8579 | D:6      | Bought a +1 helmet for 138 gold pieces
  9248 | D:6      | Identified the +1 robe "Baidgharch" {Dex+2 Stlth+}
  9431 | D:6      | Noticed a cyan ugly thing
  9671 | D:6      | Mangled by a cyan ugly thing

Illustrated notes

Levels and vault maps discovered:
D:1:      ncdulo_halloftheorcs, layout_basic
D:2:      layout_rooms, minmay_door_square, uniq_terence
D:3:      lemuel_castle_with_subvaults [lemuel_castle_interior_carwin_1],
          layout_rooms, hellmonk_ecumenical_altar_slurped_away, goddamned_bats
D:4:      layout_loops_cross, uniq_crazy_yiuf_cottage
D:5:      layout_basic, minmay_temple_entry_ruins
D:6:      minmay_razor_zed, layout_loops_corners, serial_shops, shop_statue

Skill      XL: |  1  2  3  4  5  6  7  8 |
---------------+-------------------------+-----
Dodging        | 2 3 4 |  4.5
Stealth        | 2 3 4 |  4.8
Spellcasting   | 2 3 4 |  4.2
Hexes          | 1 2 3 4 5 |  5.6
Conjurations   | 4 5 |  5.6
Shields        | 1 2 3 |  3.6
Fighting       | |  0.9
Armour         | |  0.6

Action                   |  1- 3 |  4- 6 |  7- 9 || total
-------------------------+-------+-------+-------++-------
Melee: Unarmed           |     6 |       |       ||     6
 Fire: Hunting sling     |    47 |   115 |    72 ||   234
 Cast: Magic Dart        |    54 |    15 |   139 ||   208
       Searing Ray       |     2 |    28 |    25 ||    55
       Fulminant Prism   |       |       |     3 ||     3
  Use: Scroll            |       |       |    13 ||    13
       Potion            |       |       |     2 ||     2
Armor: Robe              |    11 |     4 |    34 ||    49
Dodge: Dodged            |    15 |    37 |    84 ||   136
Block: Buckler           |     2 |     7 |    23 ||    32

Table legend: (Time is in decaauts)
 A = Elapsed time spent in this place.
 B = Non-inter-level travel time spent in this place.
 C = Inter-level travel time spent in this place.
 D = Time resting spent in this place.
 E = Time spent auto-exploring this place.
 F = Levels seen in this place.
 G = Mean time per level.
                   A        B        C        D        E       F      G
               +--------+--------+--------+--------+--------+-----+--------+
         Total |   9737 |   9492 |    245 |   2830 |   5105 |   6 | 1622.8 |
       Dungeon |   9737 |   9492 |    245 |   2830 |   5105 |   6 | 1622.8 |
               +--------+--------+--------+--------+--------+-----+--------+

Top non-repeatable levels by time:
     D:3: 3439 daAuts
     D:5: 1336 daAuts
     D:2: 1320 daAuts
     D:6: 1234 daAuts
     D:4: 1209 daAuts
     D:1: 1196 daAuts
